 Dungeon Crawl Stone Soup version 0.31-a0-986-g5e6e4ef867 (webtiles) character file.

Game seed: 12526735834986392521

280 ytrimaz the Insei (level 6, -4/43 HPs)
             Began as a Demonspawn Shapeshifter on Nov 14, 2023.
             Slain by a sky beast (5 damage)
             ... on level 4 of the Dungeon.
             The game lasted 00:02:01 (2311 turns).

ytrimaz the Insei (Demonspawn Shapeshifter)         Turns: 2311, Time: 00:02:01

Health: -4/43      AC:  2    Str: 14    XL:     6   Next: 5%
Magic:  6/6        EV: 12    Int: 12    God:
Gold:   93         SH:  0    Dex: 14    Spells: 5/5 levels left

rFire   . .          .
                       - Unarmed
rCold   . . .        (no shield)
rNeg    . . .        a - +0 animal skin
rPois   .            (helmet currently unavailable)
rElec   .            (cloak currently unavailable)
rCorr   .            (gloves currently unavailable)
SInv    .            (boots currently unavailable)
Will    .....        q - amulet of magic regeneration
Stlth   +            (no ring)
HPRegen 0.27/turn    (no ring)
MPRegen 0.50/turn

%: no passive effects
@: beast-form
A: beast (slay +2), demonic guardian 1, demonic touch 1
a: Begin Untransformation


You were on level 4 of the Dungeon.
You were a hulking beast.
You visited 1 branch of the dungeon, and saw 4 of its levels.

You collected 93 gold pieces.


Innate Abilities, Weirdness & Mutations

You are a hulking beast.
Your limbs bulge with bestial killing power. (Slay +2)
A weak demonic guardian rushes to your aid.
Your touch may inflict minor irresistible damage on your foes.


   Skills:
 - Level 1.0 Fighting
 - Level 1.7 Dodging
 + Level 4.7 Unarmed Combat
 + Level 4.5 Shapeshifting


You had 5 spell levels left.
You didn't know any spells.
Your spell library was empty.

Inventory:

Armour
 a - a +0 animal skin (worn)
Jewellery
 l - a ring of ice
   (You found it on level 2 of the Dungeon)
 q - an amulet of magic regeneration (around neck)
   (You found it on level 4 of the Dungeon)
Talismans
 c - a beast talisman
 d - a flux talisman
Wands
 m - a wand of quicksilver (9)
   (You found it on level 2 of the Dungeon)
 s - a wand of roots (12)
   (You found it on level 4 of the Dungeon)
Scrolls
 g - 2 scrolls of teleportation {unknown}
 j - a scroll of summoning {unknown}
 k - 3 scrolls of identify {unknown}
 p - a scroll of immolation {unknown}
 r - a scroll of torment {unknown}
Potions
 b - 2 potions of lignification
 e - a potion of magic {unknown}
 f - a potion of resistance {unknown}
 h - a potion of enlightenment {unknown}
 i - a potion of haste {unknown}
 n - a potion of curing {unknown}
 o - a potion of heal wounds {unknown}

Dungeon Overview and Level Annotations

Branches:
Dungeon (4/15) Zot: 21698
 Temple: D:4-7

Altars:
Ashenzari
Fedhas
Kikubaaqudgha

#############
#...........#
#.#########.#
#.#########{###
#####..........h5.#
##....##########.#.#
#...#......#####.#.#.#
#8.8###...............
#...#.>....#####.#.#.#
#8.♣#...#.....##.#.#
#...#....#.....#.# #
#8.♣#....#.....#.#
#...#..#†#.#...#.#


You could see a friendly ufetubus (summoned, wandering).


Message History

An iguana comes into view.
Found a dented filigree amulet.
Found a stone staircase leading down.
Unknown command.
An iguana is nearby!
An iguana is nearby!
The helpless iguana fails to defend itself.
You punch the iguana! Your touch misses the iguana. You hit the iguana.
Your punch misses the iguana. The iguana bites you!
A demonic guardian appears! 😮 HP[-10]
You take 10 damage, and now have 27/37 hp.
MASSIVE DAMAGE!! (PAUSE)
You barely miss the iguana. The iguana bites you!
* * * LOW HITPOINT WARNING * * *
Your quasit bites the iguana but does no damage.
Your quasit closely misses the iguana.
Your quasit claws the iguana. 😨 HP[-9]
You take 9 damage, and now have 18/37 hp.
MASSIVE DAMAGE!! (PAUSE)
You hit the iguana.
You touch the iguana.
You kill the iguana!
You have reached level 6! 😨 HP[+3] MP[+1]
You now have 43 max hp (+6).
You regained 3 hp, and now have 21/43 hp.
Your mp is fully restored (6).
You swap places.
You see here an iguana corpse. 😮 HP[+1] Unknown command.
q - an amulet of magic regeneration 😮 HP[+1]
You start putting on your amulet.
You continue putting on your amulet of magic regeneration. x5
You finish putting on your amulet of magic regeneration.
q - an amulet of magic regeneration (around neck) 😮 HP[+1]
Your quasit disappears in a puff of smoke!
An endoplasm comes into view. 😎 HP[+19]
Your hp is fully restored (43).
An endoplasm is nearby!
Unknown command.
An endoplasm is nearby!
An endoplasm is nearby!
The endoplasm quivers.
The endoplasm freezes you.
You are frozen. 😕 HP[-1]
You take 1 damage, and now have 42/43 hp.
You punch the endoplasm!
You kill the endoplasm!
No target in view!
r - a scroll labelled KEDGHIFUHYM 😎 HP[+1]
Your hp is fully restored (43).
No target in view!
You now have 69 gold pieces (gained 15).
You now have 80 gold pieces (gained 11).
You now have 93 gold pieces (gained 13).
s - a wand of roots (12)
A sky beast comes into view.
The sky beast flickers out of sight!
Deactivating autopickup; reactivate with Ctrl-A.
There is a strange disturbance nearby!
No target in view!
There is a strange disturbance nearby!
There is a strange disturbance nearby!
No target in view!
Something hits you. Something shocks you. 😕 HP[-8]
You take 8 damage, and now have 35/43 hp.
No target in view!
You hit something. Your touch misses something. Something hits you.
Something shocks you. 😮 HP[-8]
You take 8 damage, and now have 27/43 hp.
You hit something but do no damage. Something hits you. Something shocks you.
* * * LOW HITPOINT WARNING * * *
😨 HP[-8]
You take 8 damage, and now have 19/43 hp.
Unknown command.
You miss something. Something hits you.
* * * LOW HITPOINT WARNING * * *
Something shocks you.
* * * LOW HITPOINT WARNING * * *
😱 HP[-9]
You take 9 damage, and now have 10/43 hp.
MASSIVE DAMAGE!! (PAUSE) Unknown command.
You closely miss something. Something hits you.
* * * LOW HITPOINT WARNING * * *
A demonic guardian appears!
Something shocks you.
* * * LOW HITPOINT WARNING * * *
😱 HP[-8]
You take 8 damage, and now have 2/43 hp.
You closely miss something. Something hits you.
* * * LOW HITPOINT WARNING * * *
Something shocks you.
You die...

Skill      XL: |  1  2  3 |
---------------+----------+-----
Unarmed Combat | 3 4 |  4.7
Shapeshifting  | 3 4 |  4.5
Fighting       | |  1.0
Dodging        | |  1.7

Action                     |  1- 3 |  4- 6 || total
---------------------------+-------+-------++-------
  Melee: Unarmed           |    83 |    49 ||   132
         Punch             |     4 |     1 ||     5
         Touch             |     5 |     2 ||     7
    Use: Potion            |     1 |       ||     1
   Stab: Sleeping          |       |     2 ||     2
 Armour: Animal skin       |    36 |    30 ||    66
         Skin              |    18 |       ||    18
  Dodge: Dodged            |    43 |    35 ||    78

Levels and vault maps discovered:
D:1:      minmay_arrival_wavy_path, layout_loops_ring
D:2:      layout_basic, basic_altar, ebering_ecumenical_altar_mist,
          chequers_jeans, minmay_tetromino_o4, uniq_sigmund
D:3:      layout_basic, chequers_temple_overflow_statue_of_worship
D:4:      layout_basic, chequers_avenue, minmay_misc_feat_rows,
          grunt_ministairs_15, small_statue_intersection, uniq_natasha

Notes
Turn   | Place    | Note
-------+----------+-------------------------------------------
     0 | D:1      | ytrimaz the Demonspawn Shapeshifter began the quest for the
                  | Orb.
     0 | D:1      | Reached XP level 1. HP: 15/15 MP: 1/1
     0 | D:1      | magus.rc [v1.9.6]
   161 | D:1      | Reached skill level 3 in Unarmed Combat
   288 | D:1      | Gained mutation: Your touch may inflict minor irresistible
                  | damage on your foes. [demonic ancestry]
   288 | D:1      | Reached XP level 2. HP: 21/21 MP: 2/2
   349 | D:1      | Reached skill level 3 in Shapeshifting
   754 | D:2      | Gained mutation: A weak demonic guardian rushes to your
                  | aid. [demonic ancestry]
   754 | D:2      | Reached XP level 3. HP: 16/26 MP: 3/3
   873 | D:2      | Found a faded altar of an unknown god.
   911 | D:2      | HP: 6/26 [adder (2)]
   916 | D:2      | HP: 2/26 [poisoned by an adder]
  1062 | D:2      | Found an ancient bone altar of Kikubaaqudgha.
  1064 | D:2      | Noticed Sigmund
  1087 | D:2      | Killed Sigmund
  1088 | D:2      | Reached skill level 4 in Unarmed Combat
  1088 | D:2      | Reached skill level 4 in Shapeshifting
  1088 | D:2      | Reached XP level 4. HP: 16/32 MP: 4/4
  1088 | D:2      | Reached XP level 5. HP: 18/37 MP: 5/5
  1953 | D:3      | Found a broken altar of Ashenzari.
  1953 | D:3      | Found a blossoming altar of Fedhas.
  2171 | D:4      | Reached XP level 6. HP: 21/43 MP: 6/6
  2304 | D:4      | Noticed a sky beast
  2309 | D:4      | HP: 10/43 [something (5)]
  2310 | D:4      | HP: 2/43 [something (5)]
  2311 | D:4      | Slain by a sky beast

Vanquished Creatures
  Sigmund (D:2)
  An iguana (D:4)
  3 adders (D:2)
  A worm (D:3)
  An orc (D:2)
  A ball python (D:2)
  3 bats
  6 endoplasms
  3 giant cockroaches
  5 goblins
  4 hobgoblins
  6 jackals
  2 quokkas
  3 frilled lizards
  6 kobolds
  3 rats
49 creatures vanquished.

Vanquished Creatures (collateral kills)
  A bat (D:2)
1 creature vanquished.

Grand Total: 50 creatures vanquished

Table legend:
 A = Non-vault XP
 B = Vault XP
 C = Vault XP percentage of total XP
 D = Non-vault monster count
 E = Vault monster count
 F = Vault count percentage of total count
                 A         B        C        D         E       F
            +---------+---------+-------+---------+---------+-------
      Total |     158 |     242 |  60.5 |      47 |       3 |   6.0
            +---------+---------+-------+---------+---------+-------
        D:1 |      25 |       0 |   0.0 |      14 |       0 |   0.0
        D:2 |      76 |     242 |  76.1 |      23 |       3 |  11.5
        D:3 |      15 |       0 |   0.0 |       8 |       0 |   0.0
        D:4 |      42 |       0 |   0.0 |       2 |       0 |   0.0
            +---------+---------+-------+---------+---------+-------

Skill      XL: |  1  2  3 |
---------------+----------+-----
Unarmed Combat | 3 4 |  4.7
Shapeshifting  | 3 4 |  4.5
Fighting       | |  1.0
Dodging        | |  1.7

Action                     |  1- 3 |  4- 6 || total
---------------------------+-------+-------++-------
  Melee: Unarmed           |    83 |    49 ||   132
         Punch             |     4 |     1 ||     5
         Touch             |     5 |     2 ||     7
    Use: Potion            |     1 |       ||     1
   Stab: Sleeping          |       |     2 ||     2
 Armour: Animal skin       |    36 |    30 ||    66
         Skin              |    18 |       ||    18
  Dodge: Dodged            |    43 |    35 ||    78

Illustrated notes

Table legend:
 A = Kills in this place as a percentage of kills in the entire game.
 B = Kills by you in this place as a percentage of kills by you in the entire game.
 C = Kills by friends in this place as a percentage of kills by friends in the entire game.
 D = Other kills in this place as a percentage of other kills in the entire game.
 E = Experience gained in this place as a percentage of experience gained in the entire game.
 F = Experience gained in this place divided by the number of levels of this place that you have seen.
                   A       B       C       D       E      F
               +-------+-------+-------+-------+-------+----------------------
         Total | 100.0 | 100.0 | 100.0 |   N/A | 100.0 | 100.0
       Dungeon | 100.0 | 100.0 | 100.0 |   N/A | 100.0 | 100.0
               +-------+-------+-------+-------+-------+----------------------

Table legend: (Time is in decaauts)
 A = Elapsed time spent in this place.
 B = Non-inter-level travel time spent in this place.
 C = Inter-level travel time spent in this place.
 D = Time resting spent in this place.
 E = Time spent auto-exploring this place.
 F = Levels seen in this place.
 G = Mean time per level.
                   A        B        C        D        E       F      G
               +--------+--------+--------+--------+--------+-----+--------+
         Total |   2301 |   2222 |     79 |     75 |   1789 |   4 |  575.2 |
       Dungeon |   2301 |   2222 |     79 |     75 |   1789 |   4 |  575.2 |
               +--------+--------+--------+--------+--------+-----+--------+

Top non-repeatable levels by time:
     D:2: 1023 daAuts
     D:1: 742 daAuts
     D:3: 384 daAuts
     D:4: 150 daAuts
